 Dungeon Crawl Stone Soup version 0.31-a0-1042-ga9834b393d (webtiles) character file.

Game seed: 1935372139697895471

2161 Dirtsage the Merchant of Misery (level 9, -2/57 HPs)
             Began as a Demonspawn Necromancer on Nov 19, 2023.
             Was a Believer of Kikubaaqudgha.
             Killed from afar by a steam dragon (20 damage)
             ... with a ball of steam
             ... on level 7 of the Dungeon.
             The game lasted 00:22:17 (6575 turns).

Dirtsage the Merchant of Misery (DsNe)              Turns: 6575, Time: 00:22:17

Health: -2/57      AC:  6    Str:  9    XL:     9   Next: 10%
Magic:  3/28       EV: 17    Int: 20    God:    Kikubaaqudgha [**....]
Gold:   328        SH:  0    Dex: 14    Spells: 6/19 levels left

rFire   . . .        t - +0 short sword
rCold   . . .        (no shield)
rNeg    . . .        j - +0 troll leather armour {Pargi}
rPois   .            (helmet restricted)
rElec   .            (no cloak)
rCorr   .            k - +0 pair of gloves
SInv    .            (no boots)
Will    .....        m - amulet of the acrobat
Stlth   ++           s - ring of magical power
HPRegen 1.09/turn    (no ring)
MPRegen 0.21/turn

%: acrobat
@: agile, animating dead
A: horns 2, thin metallic scales 1, powered by pain 2, hooves 1, high MP 1,
sturdy frame 1
a: Renounce Religion, Unearth Wretches


You were on level 7 of the Dungeon.
You worshipped Kikubaaqudgha.
Kikubaaqudgha was pleased with you.
You visited 2 branches of the dungeon, and saw 8 of its levels.
You also visited: Sewer.

You collected 328 gold pieces.

Inventory:

Hand Weapons
 t - a +0 short sword (weapon)
Armour
 a - a +0 robe
 j - a +0 troll leather armour (worn) {Pargi}
 k - a +0 pair of gloves (worn)
Magical Staves
 v - a staff of air
Jewellery
 m - an amulet of the acrobat (around neck)
 q - a ring of ice
 s - a ring of magical power (left hand)
 w - a +4 ring of protection
 D - an amulet of reflection
 N - a ring of positive energy
Wands
 f - a wand of charming (19)
 C - a wand of polymorph (11)
Scrolls
 e - 2 scrolls of teleportation {unknown}
 g - 3 scrolls of torment
 i - 3 scrolls of identify
 n - a scroll of enchant weapon {unknown}
 o - 2 scrolls of noise {unknown}
 p - a scroll of summoning {unknown}
 r - a scroll of amnesia {unknown}
 x - a scroll of fear {unknown}
 y - a scroll of fog {unknown}
 B - a scroll of blinking
 E - a scroll of enchant armour {unknown}
Potions
 b - a potion of magic
 c - 2 potions of degeneration
 d - a potion of might
 h - 2 potions of haste
 l - 2 potions of heal wounds
 u - 2 potions of brilliance {unknown}
 z - a potion of mutation
 A - a potion of attraction {unknown}


   Skills:
 - Level 1.7 Dodging
 - Level 1.7 Stealth
 + Level 5.9 Spellcasting
 + Level 5.4 Summonings
 * Level 10.5 Necromancy


You had 6 spell levels left.
You knew the following spells:

 Your Spells              Type           Power      Damage    Failure   Level
a - Necrotise             Necr           100%       1d9       1%          1
b - Call Imp              Summ           54%        N/A       1%          2
c - Call Canine Familiar  Summ           27%        N/A       3%          3
x - Vampiric Draining     Necr           48%        2d9       1%          3
A - Animate Dead          Necr           48%        N/A       1%          4

Your spell library contained the following spells:

 Spells                   Type           Power      Damage    Failure   Level
 Kiss of Death            Conj/Necr      100%       2d13      1%          1
 Cigotuvi's Dreadful Rot  Necr/Pois/Air  38%        N/A       4%          2
 Agony                    Necr           48%        N/A       4%          5
 Sandblast                Erth           10%        2d5       12%         1
 Shock                    Conj/Air       20%        1d4       12%         1
 Blink                    Tloc           10%        N/A       17%         2
 Momentum Strike          Conj/Tloc      10%        3d8       17%         2
 Passwall                 Tmut/Erth      4%         N/A       17%         2
 Wereblood                Tmut           5%         N/A       17%         2
 Sigil of Binding         Hex            5%         N/A       34%         3
 Stone Arrow              Conj/Erth      10%        3d7       34%         3
 Swiftness                Air            5%         N/A       34%         3
 Tukima's Dance           Hex            5%         N/A       34%         3
 Airstrike                Air            2%         2d(1-17)  75%         4
 Brom's Barrelling Bould  Conj/Erth      5%         2d3       75%         4
 Dimensional Bullseye     Hex/Tloc       2%         N/A       75%         4
 Leda's Liquefaction      Hex/Erth       2%         N/A       75%         4
 Passage of Golubria      Tloc           5%         N/A       75%         4
 Irradiate                Conj/Tmut      2%         3d12      97%         5
 Yara's Violent Unravell  Hex/Tmut       2%         3d3       97%         5


Dungeon Overview and Level Annotations

Branches:
Dungeon (7/15)             Temple (1/1) D:4           Sewer (visited)

Altars:
Ashenzari
Cheibriados
Dithmenos
Gozag
Hepliaklqana
Kikubaaqudgha
Makhleb
Nemelex Xobeh
Okawaru
Qazlal
Sif Muna
Trog
Uskayaw
Vehumet
Yredelemnul

Shops:
D:1 ?


Innate Abilities, Weirdness & Mutations

You have a pair of horns on your head.
You are partially covered in thin metallic scales. (AC +2)
You sometimes gain power by taking damage.
You have large cloven feet.
You have an increased reservoir of magic. (+10% MP)
Your movements are slightly less encumbered by armour. (ER -2)


Message History

You now have 1/28 mp.
You feel very sick. The steam dragon breathes steam at you.
The ball of steam hits you!!
You focus on the pain.
You feel agile all of a sudden.
You take 24 damage, and have 30/57 hp.
MASSIVE DAMAGE!!
You feel sick. The ogre completely misses you.
The steam dragon attacks as it pursues you!
The steam dragon bites you. The steam dragon completely misses you.
You take 3 damage, and have 27/57 hp.
You feel sick. The steam dragon breathes steam at you.
The ball of steam misses you.
You are engulfed in a cloud of scalding steam.
You feel sick.
You hear a shout!
You take 8 damage, and have 19/57 hp.
You are engulfed in a cloud of scalding steam.
* * * LOW HITPOINT WARNING * * *
You feel sick.
You take 2 damage, and have 17/57 hp.
You are engulfed in a cloud of scalding steam.
You feel sick.
You feel sick.
You feel sick.
You are no longer poisoned.
You hit the steam dragon but do no damage.
You kick the steam dragon. Your headbutt misses the steam dragon.
The steam dragon is lightly wounded.
The steam dragon misses you. The steam dragon claws you.
* * * LOW HITPOINT WARNING * * *
You take 1 damage, and have 16/57 hp.
You closely miss the steam dragon.
You kick the steam dragon, but do no damage.
Your headbutt misses the steam dragon.
The steam dragon is lightly wounded.
The steam dragon breathes steam at you. The ball of steam hits you!!
You die...
Kikubaaqudgha rasps: "You have failed me!
Welcome... death!"

# #####..#..####......#
####........#.....####.#
.......)......##### ##.#
..######..##### #..#
#.....##.## ###.##
#.###.##)# #...# #..##.
.)# ###.##...#
........## ###...# ..##
≈≈≈≈≈≈≈. ######D@.###
.... ......≈..#.Oh...###
..... #####.≈....######
.....# #.≈....))..#
#....# #.≈..###Z.....
#.≈.. ...... #.≈.# .....
#.≈.# ##### #.≈.


You could see a steam dragon (catching breath), a black bear and an ogre.

Vanquished Creatures
  Menkaure (D:7)
  Pargi (Sewer)
  An orc warrior (D:6)
  A sky beast (D:6)
  An ogre (D:4)
  A centaur (D:5)
  5 scorpions
  2 bullfrogs (D:7)
  3 howler monkeys
  3 hounds (D:5)
  3 sleepcaps
  An iguana (D:5)
  5 orc wizards
  8 gnolls
  5 adders
  A white imp (D:5)
  2 worms
  2 dart slugs
  15 orcs
  6 ball pythons
  6 bats
  6 endoplasms
  A giant cockroach (D:1)
  3 goblins
  8 hobgoblins
  A quokka (D:3)
  2 frilled lizards
  3 kobolds
  7 rats
104 creatures vanquished.

Vanquished Creatures (collateral kills)
  An ogre (D:7)
  A gnoll sergeant (D:6)
  A scorpion (D:6)
  A howler monkey (D:7)
  A hound (D:6)
  A jelly (D:6)
  2 orc priests
  A sleepcap (D:7)
  2 orc wizards (D:6)
  5 gnolls
  3 adders
  9 orcs
  A kobold (D:1)
  A quokka (D:1)
  A ball python (D:4)
  A bat (D:2)
  2 rats
34 creatures vanquished.

Vanquished Creatures (others)
  A bullfrog zombie (D:7)
  A scorpion zombie (D:7)
  An adder zombie (D:5)
  4 orc zombies
  An orc (D:7)
  An endoplasm zombie (D:4)
  3 gnoll zombies (D:6)
12 creatures vanquished.

Grand Total: 150 creatures vanquished

Notes
Turn   | Place    | Note
-------+----------+-------------------------------------------
     0 | D:1      | Dirtsage the Demonspawn Necromancer began the quest for the
                  | Orb.
     0 | D:1      | Reached XP level 1. HP: 13/13 MP: 3/3
   242 | D:1      | Gained mutation: You are partially covered in thin metallic
                  | scales. (AC +2) [demonic ancestry]
   242 | D:1      | Reached XP level 2. HP: 19/19 MP: 3/5
   315 | D:1      | Found The Oracle's Delphic Readings.
   393 | D:1      | Reached skill level 5 in Necromancy
   700 | D:2      | Gained mutation: You sometimes gain a little power by
                  | taking damage. [demonic ancestry]
   700 | D:2      | Reached XP level 3. HP: 23/24 MP: 6/6
  1436 | D:2      | Found a faded altar of an unknown god.
  1436 | D:2      | Noticed an orange demon
  1536 | D:3      | Reached XP level 4. HP: 30/30 MP: 6/8
  1765 | D:3      | Learned a level 3 spell: Vampiric Draining
  1884 | D:3      | Noticed a scorpion
  1891 | D:3      | Killed a scorpion
  1892 | D:3      | Reached skill level 1 in Summonings
  1892 | D:3      | Reached skill level 6 in Necromancy
  1892 | D:3      | Reached XP level 5. HP: 24/35 MP: 2/9
  2304 | D:3      | Learned a level 4 spell: Animate Dead
  2340 | D:4      | Gained mutation: You have large cloven feet. [potion of
                  | mutation]
  2340 | D:4      | Gained mutation: You have an increased reservoir of magic.
                  | (+10% MP) [potion of mutation]
  2340 | D:4      | Gained mutation: Your movements are slightly less
                  | encumbered by armour. (ER -2) [potion of mutation]
  2558 | D:4      | Noticed an ogre
  2560 | D:4      | Gained mutation: You have a pair of small horns on your
                  | head. [demonic ancestry]
  2560 | D:4      | Reached XP level 6. HP: 30/41 MP: 6/12
  2717 | D:4      | Reached skill level 7 in Necromancy
  2774 | D:4      | Found a glowing drain.
  2783 | Sewer    | Entered a sewer
  2813 | Sewer    | Noticed Pargi
  2825 | Sewer    | Killed Pargi
  2866 | Sewer    | Got Yfeg's Easy Hermeneutics
  2902 | D:4      | Learned a level 2 spell: Call Imp
  3380 | D:4      | Found a staircase to the Ecumenical Temple.
  3389 | Temple   | Entered the Ecumenical Temple
  3393 | Temple   | Became a worshipper of Kikubaaqudgha
  3600 | D:5      | Entered Level 5 of the Dungeon
  3669 | D:5      | Gained mutation: You have a pair of horns on your head.
                  | [demonic ancestry]
  3669 | D:5      | Reached XP level 7. HP: 46/46 MP: 14/14
  4258 | D:5      | Reached skill level 8 in Necromancy
  4297 | D:5      | Learned a level 3 spell: Call Canine Familiar
  4959 | D:6      | Reached XP level 8. HP: 45/52 MP: 16/16
  5016 | D:6      | Found a sparkling altar of Nemelex Xobeh.
  5053 | D:6      | Reached * piety under Kikubaaqudgha
  5053 | D:6      | Received a gift from Kikubaaqudgha
  5062 | D:6      | Reached skill level 9 in Necromancy
  5274 | D:6      | Reached skill level 5 in Spellcasting
  5721 | D:6      | Found a shimmering blue altar of Sif Muna.
  5747 | D:6      | Found a bloodstained altar of Trog.
  6250 | D:7      | Reached skill level 10 in Necromancy
  6282 | D:7      | Reached skill level 5 in Summonings
  6434 | D:7      | Reached ** piety under Kikubaaqudgha
  6483 | D:7      | Noticed Menkaure
  6498 | D:7      | Killed Menkaure
  6551 | D:7      | Gained mutation: You sometimes gain power by taking damage.
                  | [demonic ancestry]
  6551 | D:7      | Reached XP level 9. HP: 57/57 MP: 10/19
  6575 | D:7      | Killed from afar by a steam dragon

Illustrated notes

Levels and vault maps discovered:
D:1:      dpeg_arrival_tiny_f, layout_rooms, nicolae_nh_oracle_at_delphi
D:2:      layout_loops_cross, dreamdust_ecumenical_altar_sealed_demon
D:3:      layout_basic
D:4:      layout_basic, minmay_temple_entry_overgrown,
          cheibrodos_sewer_entry_drain, minmay_distorted
D:5:      layout_loops_corners, lemuel_tele_altar, lemuel_round_altar
D:6:      layout_cave_pods, nzn_overflow_gifts_of_might_and_magic,
          nemelex_xobeh_ov_fountains_minmay, serial_rivers,
          chequers_serial_rivers_room_a, chequers_serial_rivers_room_a,
          chequers_serial_rivers_marsh, chequers_serial_rivers_micro_d,
          chequers_serial_rivers_small_3, supply_closet_lemuel,
          hangedman_decor_peaks_small, minmay_misc_feat_nine_boxes
D:7:      layout_rooms, nicolae_overflow_squiral, uniq_menkaure
Temple:   nicolae_temple_x_marks_the_god

Skill      XL: |  1  2  3  4  5  6  7  8 |
---------------+-------------------------+-----
Necromancy     | 5 6 7 8 10 | 10.5
Spellcasting   | 3 4 5 |  5.9
Summonings     | 1 2 4 5 |  5.4
Dodging        | |  1.7
Stealth        | |  1.7

Action                     |  1- 3 |  4- 6 |  7- 9 || total
---------------------------+-------+-------+-------++-------
  Melee: Unarmed           |    30 |       |       ||    30
         Short sword       |    33 |   109 |   159 ||   301
         Kick              |       |    27 |    64 ||    91
         Punch             |       |     1 |     5 ||     6
         Headbutt          |       |     5 |    31 ||    36
   Cast: Necrotise         |    38 |    34 |    50 ||   122
         Vampiric Draining |       |     4 |    17 ||    21
         Animate Dead      |       |     4 |     6 ||    10
         Call Imp          |       |     4 |    17 ||    21
         Call Canine Famil |       |       |    21 ||    21
    Use: Scroll            |     2 |     4 |       ||     6
         Potion            |       |     5 |       ||     5
   Stab: Sleeping          |     3 |       |     1 ||     4
         Distracted        |       |       |     2 ||     2
 Armour: Robe              |    38 |   112 |       ||   150
         Troll leather arm |       |     5 |   156 ||   161
  Dodge: Dodged            |    47 |   148 |   151 ||   346

Table legend: (Time is in decaauts)
 A = Elapsed time spent in this place.
 B = Non-inter-level travel time spent in this place.
 C = Inter-level travel time spent in this place.
 D = Time resting spent in this place.
 E = Time spent auto-exploring this place.
 F = Levels seen in this place.
 G = Mean time per level.
                   A        B        C        D        E       F      G
               +--------+--------+--------+--------+--------+-----+--------+
         Total |   6585 |   6409 |    176 |     32 |   4961 |   9 |  731.7 |
       Dungeon |   6462 |   6289 |    173 |     32 |   4899 |   7 |  923.1 |
        Temple |      8 |      5 |      3 |      0 |      0 |   1 |    8.0 |
         Sewer |    114 |    114 |      0 |      0 |     62 |   1 |  114.0 |
               +--------+--------+--------+--------+--------+-----+--------+

Top non-repeatable levels by time:
     D:6: 1415 daAuts
     D:5: 1170 daAuts
     D:4: 1068 daAuts
     D:3: 946 daAuts
     D:2: 778 daAuts
     D:1: 692 daAuts
     D:7: 389 daAuts
   Sewer: 114 daAuts
  Temple: 8 daAuts
